 Dungeon Crawl Stone Soup version 0.24-a0-640-ge7cd8ce796 (webtiles) character file.

Game seed: 11806850293487322685, levelgen mode: deterministic

500 Engwar the Grappler (level 6, -9/59 HPs)
             Began as a Troll Monk on Sept 24, 2019.
             Engulfed by a cloud of flame (18 damage)
             ... on level 4 of the Dungeon.
             The game lasted 00:06:18 (2105 turns).

Engwar the Grappler (Troll Monk)                    Turns: 2105, Time: 00:06:20

Health: -9/59      AC:  7    Str: 22    XL:     6   Next: 94%
Magic:  5/5        EV: 10    Int:  6    God:
Gold:   141        SH:  0    Dex: 12    Spells: 5/5 levels left

rFire    . . .     SeeInvis .     - Unarmed
rCold    . . .     Gourm    +   (no shield)
rNeg     . . .     Faith    .   a - +1 robe
rPois    .         Spirit   .   (helmet restricted)
rElec    .         Reflect  .   (no cloak)
rCorr    .         Harm     .   (gloves unavailable)
MR       .....                  (boots unavailable)
Stlth    ++........             u - amulet of the acrobat
HPRegen  0.59/turn              (no ring)
MPRegen  0.09/turn              (no ring)

@: no status effects
A: large, unfitting armour, claws 3, fast metabolism 3, gourmand, regeneration
1, shaggy fur 1, tough skin 3
a: no special abilities


You were on level 4 of the Dungeon.
You were completely stuffed.

You visited 1 branch of the dungeon, and saw 6 of its levels.

You collected 141 gold pieces.

Inventory:

Missiles
 i - 4 large rocks (quivered)
 w - 2 javelins
Armour
 a - a +1 robe (worn)
Jewellery
 u - an amulet of the acrobat (around neck)
Wands
 l - a wand of acid (5)
 r - a wand of clouds (6)
Scrolls
 e - 2 scrolls of amnesia
 g - a scroll of magic mapping
 h - 2 scrolls of teleportation
 j - 2 scrolls of enchant armour
 q - 5 scrolls of remove curse
Potions
 d - a potion of degeneration {unknown}
 k - 2 potions of heal wounds {unknown}
 n - a potion of brilliance {unknown}
 o - 2 potions of curing {unknown}
 p - a potion of haste {unknown}
 t - a potion of flight {unknown}
 x - a potion of berserk rage {unknown}
Comestibles
 b - 5 rations
 s - 3 chunks of flesh


   Skills:
 - Level 2.4 Fighting
 - Level 2.4 Dodging
 - Level 1.0 Stealth
 + Level 8.0 Unarmed Combat


You had 5 spell levels left.
You didn't know any spells.
Your spell library was empty.

Dungeon Overview and Level Annotations

Branches:
Dungeon (6/15)
 Temple: D:4-7

Altars:
Xom
Yredelemnul

Annotations:
D:3 2 transporters, tmwh's ghost, amateur GnSk


Innate Abilities, Weirdness & Mutations

You are too large for most types of armour.
You have claws for hands.
Your metabolism is lightning-fast.
You like to eat raw meat.
Your natural rate of healing is unusually fast.
You are covered in fur. (AC +1)
You have extremely tough skin. (AC +3)


Message History

As you read the scroll labeled TAUDDU ROGUE, it crumbles to dust.
The creatures around you are filled with an inner flame!
It was a scroll of immolation.
No target in view!
No target in view!
Eating one of 4 chunks of flesh.
You eat one of the 4 chunks of flesh.
This raw flesh tastes great.
The hound is too close now for your liking.
A worker ant comes into view.
The hound bites you. The hound bites you. The hound barely misses you.
You mangle the hound!!
The hound explodes!
The fiery explosion engulfs you!!
Ouch! That really hurt!
* * * LOW HITPOINT WARNING * * *
Your Unarmed Combat skill increases to level 8!
You are engulfed in blazing flames.
You die...

,,***,,,≈≈*,,##.†................
,,*,*,,*≈≈**,,#<........###...##.
,,,,,,,≈≈≈≈*,,#÷..)......#...#...
,,,,,**≈≈≈≈*,,#...........(......
,,,,,,,≈≈≈≈*,,#....###.##.##.##..
,*,,*,,,≈≈**,,#....##..##..#.....
**,,*,,,≈≈#,,*#....###......#....
***,,,,,,≈#.,###.................
****,,,.#..#.#@§..#............
*,,,,%.....§.§.####..........
****,,......§.§## ##..)..####
***,,,,,%..##.%...#* ##....***
**,,,,,,,..,,#...#..#***#....*,**
*,,,,*,,,,,............*#...,,,,*
,,,,,**,,.a.#...........,,,,,*,,*
,,,,,,*,,....##.....##..,*,,***,,
,,,,,,,,,....,#....##,..,**,* **,


There were no monsters in sight!

Vanquished Creatures
  An ogre (D:4)
  A scorpion (D:4)
  A crimson imp (D:6)
  A hound (D:4)
  Natasha (twice) (D:2)
  2 worker ants (D:4)
  10 adders
  An ooze (D:3)
  An adder skeleton (D:4)
  3 dart slugs
  6 worms
  5 leopard geckos
  4 orcs (D:3)
  3 ball pythons
  3 bats (D:1)
  8 giant cockroaches
  9 goblins
  9 hobgoblins
  8 jackals
  9 kobolds
  A quokka (D:3)
  2 frilled lizards
  5 rats
95 creatures vanquished.

Notes
Turn   | Place    | Note
-------+----------+-------------------------------------------
     0 | D:1      | Engwar the Troll Monk began the quest for the Orb.
     0 | D:1      | Reached XP level 1. HP: 22/22 MP: 0/0
   129 | D:1      | Reached XP level 2. HP: 25/29 MP: 1/1
   168 | D:1      | Reached skill level 4 in Unarmed Combat
   446 | D:1      | Reached XP level 3. HP: 36/36 MP: 2/2
   725 | D:2      | Noticed Natasha
   730 | D:2      | Killed Natasha
   730 | D:2      | Reached XP level 4. HP: 44/44 MP: 3/3
   779 | D:2      | Noticed Natasha
   786 | D:2      | Reached skill level 5 in Unarmed Combat
   790 | D:2      | Killed Natasha
  1111 | D:2      | Reached XP level 5. HP: 50/50 MP: 4/4
  1267 | D:3      | Found a transporter.
  1268 | D:3      | Found a transporter.
  1268 | D:3      | Identified the +6 dire flail of Expedience {antimagic,
                  | Str+3 Dex+3}
  1268 | D:3      | Noticed an ogre
  1268 | D:3      | Noticed tmwh's ghost (amateur GnSk)
  1336 | D:3      | Reached skill level 6 in Unarmed Combat
  1499 | D:3      | Found a basalt altar of Yredelemnul.
  1550 | D:3      | You fall into a shaft and drop 3 floors!
  1643 | D:5      | Entered Level 5 of the Dungeon
  1774 | D:3      | Found a shimmering altar of Xom.
  1780 | D:3      | Found a shimmering altar of Xom.
  1783 | D:3      | Reached XP level 6. HP: 53/59 MP: 5/5
  1788 | D:3      | Found a shimmering altar of Xom.
  1790 | D:3      | Found a shimmering altar of Xom.
  1792 | D:3      | Found a shimmering altar of Xom.
  1792 | D:3      | Found a shimmering altar of Xom.
  1798 | D:3      | Found a shimmering altar of Xom.
  1965 | D:4      | Reached skill level 7 in Unarmed Combat
  2105 | D:4      | Reached skill level 8 in Unarmed Combat
  2105 | D:4      | Engulfed by a cloud of flame

Levels and vault maps discovered:
D:1:      dpeg_arrival_tiny_f, layout_loops_ring
D:2:      layout_loops_ring, first_ration, minmay_pentomino_q4, uniq_natasha
D:3:      layout_basic, marbit_many_paths, nicolae_xom_altar_mimics,
          gammafunk_ghost_smash, eino_tiny_chamber
D:4:      cheibrodos_thug_alley, layout_cave_pools
D:5:      layout_basic, nicolae_overflow_crystal_walls,
          minmay_temple_entry_nine_rooms, minmay_misc_feat_ornament,
          minmay_hedge_maze, roderic_serpentine_path, tgw_trog
D:6:      layout_loops_ring, gammafunk_ghost_nasty_kobolds

Skill      XL: |  1  2  3  4  5  6 |
---------------+-------------------+-----
Unarmed Combat | 4 5 6 8 |  8.0
Fighting       | |  2.4
Dodging        | |  2.4
Stealth        | |  1.0

Action                   |  1- 3 |  4- 6 || total
-------------------------+-------+-------++-------
Melee: Unarmed           |    67 |   154 ||   221
       Punch             |       |     5 ||     5
Throw: Large rock        |       |     2 ||     2
  Use: Scroll            |       |     9 ||     9
 Stab: Sleeping          |     4 |     3 ||     7
  Eat: Chunk             |    11 |    14 ||    25
Armor: Robe              |    29 |    41 ||    70
Dodge: Dodged            |    38 |    80 ||   118

Table legend:
 A = Non-vault XP
 B = Vault XP
 C = Vault XP percentage of total XP
 D = Non-vault monster count
 E = Vault monster count
 F = Vault count percentage of total count
                 A         B        C        D         E       F
            +---------+---------+-------+---------+---------+-------
      Total |     669 |      46 |   6.4 |      90 |       5 |   5.3
            +---------+---------+-------+---------+---------+-------
        D:1 |      47 |       0 |   0.0 |      24 |       0 |   0.0
        D:2 |     115 |      44 |  27.7 |      21 |       4 |  16.0
        D:3 |     128 |       2 |   1.5 |      33 |       1 |   2.9
        D:4 |     317 |       0 |   0.0 |       9 |       0 |   0.0
        D:6 |      62 |       0 |   0.0 |       3 |       0 |   0.0
            +---------+---------+-------+---------+---------+-------
